 Dungeon Crawl Stone Soup version 0.30-a0-219-gf2db51d15e (webtiles) character file.

Game seed: 3692751484497516365

78954 brightshaft the Severer (level 15, 0/187 HPs)
             Began as an Armataur Berserker on Oct 7, 2022.
             Was the Champion of Trog.
             Slain by an orc warrior
             ... wielding a +1 vorpal halberd
              (12 damage)
             ... on level 2 of the Orcish Mines on Oct 8, 2022.
             The game lasted 00:32:32 (18680 turns).

brightshaft the Severer (Armataur Berserker)       Turns: 18680, Time: 00:32:33

Health: 0/187      AC: 24    Str: 31    XL:     15   Next: 19%
Magic:  15/15      EV: 11    Int:  7    God:    Trog [******]
Gold:   1954       SH:  0    Dex:  9    Spells: 14/14 levels left

rFire   + . .      SeeInvis .    b - +9 executioner's axe (venom)
rCold   . . .      Faith    .    (shield currently unavailable)
rNeg    . . .      Spirit   .    S - +3 plate armour {rF+}
rPois   .          Reflect  .    y - +2 helmet
rElec   .          Harm     .    M - +1 cloak
rCorr   .          Roll     +    (no gloves)
Will    +++..                    (no barding)
Stlth   ..........               L - amulet of regeneration
HPRegen 2.31/turn                c - +4 ring of protection
MPRegen 0.14/turn                V - +4 ring of evasion

@: berserking, strong-willed, regenerating, very quick
A: large, rugged brown scales 3, deformed body, armoured tail, roll, long
tongue, awkward tongue
a: Renounce Religion, Berserk, Trog's Hand, Brothers in Arms


You were on level 2 of the Orcish Mines.
You worshipped Trog.
Trog was exalted by your worship.
You visited 3 branches of the dungeon, and saw 19 of its levels.
You also visited: Ossuary and Volcano.

You collected 2024 gold pieces.
You spent 70 gold pieces at shops.

Inventory:

Hand Weapons
 a - the +9 battleaxe of Gallantry {flame, Fly rC- Str+7 Int-2}
   (Trog gifted it to you on level 9 of the Dungeon)

   It burns those it strikes, dealing additional fire damage.
   Big, fiery blades are also staple armaments of hydra-hunters.
   Str:       It affects your strength (+7).
   Int:       It affects your intelligence (-2).
   rC:        It makes you vulnerable to cold.
   Fly:       It grants you flight.
 b - a +9 executioner's axe of venom (weapon)
 B - the +7 broad axe "Dyegh" {vorpal, rElec Str+7 Int-3}
   (Trog gifted it to you on level 3 of the Lair of Beasts)

   It inflicts extra damage upon your enemies.
   Str:       It affects your strength (+7).
   Int:       It affects your intelligence (-3).
   rElec:     It insulates you from electricity.
 H - a +1 vampiric war axe
 X - a +4 vorpal lajatang
Missiles
 f - 14 javelins (quivered)
 l - 33 boomerangs
 s - 58 poisoned darts
 T - 2 throwing nets
Armour
 y - a +2 helmet (worn)
 I - the +3 chain mail "Vuirusen" {Will+}
   (You found it on level 10 of the Dungeon)

   Will:      It increases your willpower.
 M - a +1 cloak (worn)
 S - a +3 plate armour of fire resistance (worn)
Jewellery
 c - a +4 ring of protection (left hand)
 o - the ring of Xac Ozuroe {*Slow +Blink rF+ Str+6 Slay+4}
   (You found it on level 3 of the Dungeon)

   [ring of strength]

   Str:       It affects your strength (+6).
   Slay:      It affects your accuracy & damage with ranged weapons and melee
   (+4).
   rF:        It protects you from fire.
   +Blink:    It lets you blink.
   *Slow:     It may slow you when you take damage.
 u - a ring of protection from fire
 G - an amulet of guardian spirit
 L - an amulet of regeneration (around neck)
 R - a ring of protection from cold
 U - an amulet of the acrobat
 V - a +4 ring of evasion (right hand)
Wands
 r - a wand of roots (7)
 x - a wand of charming (11)
 C - a wand of acid (24)
 D - a wand of flame (28) {@v2}
Scrolls
 d - 5 scrolls of fear
 h - 7 scrolls of teleportation {@r4}
 t - 2 scrolls of blinking
 w - 13 scrolls of identify {@r1}
 F - a scroll of summoning
 N - a scroll of magic mapping
 O - 3 scrolls of fog
 W - a scroll of poison {unknown}
Potions
 e - 2 potions of degeneration {unknown}
 g - 5 potions of might {unknown}
 i - 16 potions of curing {@q1}
 j - 5 potions of heal wounds {@q2}
 k - a potion of invisibility {unknown}
 m - a potion of berserk rage {unknown}
 n - 2 potions of brilliance {unknown}
 p - 3 potions of mutation {unknown}
 q - 7 potions of flight {unknown}
 v - a potion of cancellation {unknown}
 z - 6 potions of attraction {unknown}
 A - 2 potions of ambrosia {unknown}
 E - 2 potions of experience {unknown}
 J - a potion of haste {unknown}
 K - 3 potions of lignification {unknown}
 Q - a potion of magic {unknown}
Miscellaneous
 P - a phial of floods


   Skills:
 + Level 6.8 Fighting
 * Level 20.5 Axes
 + Level 8.6 Armour
 - Level 5.2 Dodging
 - Level 1.4 Evocations


You had 14 spell levels left.
You didn't know any spells.
Your spell library was empty.

Dungeon Overview and Level Annotations

Branches:
Dungeon (12/15)            Temple (0/1) D:7            Lair (5/5) D:11
  Swamp (0/4) Lair:3       Spider (0/4) Lair:3        Slime (0/5) Lair:4
    Orc (2/2) D:11            Elf (0/3) Orc:2       Ossuary (visited)
Volcano (visited)

Altars:
Fedhas
Gozag
Hepliaklqana
Kikubaaqudgha
Makhleb
Ru
Trog
Uskayaw
Vehumet
Yredelemnul

Shops:
D:2 !   D:9 ?

Annotations:
D:8 2 transporters, Iich's ghost, novice MiBe


Innate Abilities, Weirdness & Mutations

You are completely covered in rugged brown scales. (AC +3, +7% HP)
Armour fits poorly on your strangely shaped body.
You have a long armoured tail.
You roll when moving toward enemies. (Rampage)
Your long tongue fully drains potion bottles. (2x potion effects)
Your tongue gives you trouble enunciating. (1.5x scroll delay)


Message History

The orc priest begins to cast a cantrip, but forgets the words!
You slice the orc sorcerer!!
You kill the orc sorcerer!
Trog accepts your kill.
Trog appreciates your killing of a magic user.
You barely miss the orc. You closely miss something. You slice the hellwing!!
You kill the hellwing!
The hellwing disappears in a puff of smoke!
Deactivating autopickup; reactivate with Ctrl-A.
You miss something. You slash the orc!
You kill the orc!
Trog accepts your kill.
The orc warrior hits you from afar with a +0 trident!
* * * LOW HITPOINT WARNING * * *
The orc priest invokes the aid of Beogh against you.
Beogh smites you!
* * * LOW HITPOINT WARNING * * *
You hear some strange, mumbled words.
A magic dart appears from out of thin air!
The magic dart hits you but does no damage.
You slash the orc priest!
The orc priest is poisoned.
The orc priest is severely wounded.
You slice something!!
You feel the power of Trog in you as your rage grows.
Trog accepts your kill.
Trog appreciates your killing of a magic user.
Reactivating autopickup.
You feel a bit more experienced.
You kill the orc priest!
Trog accepts your kill.
The orc warrior throws a boomerang of dispersal.
The boomerang of dispersal closely misses you.
The orc warrior hits you from afar with a +0 trident!
* * * LOW HITPOINT WARNING * * *
You slash the orc!
You feel the power of Trog in you as your rage grows.
You kill the orc!
Trog accepts your kill.
The orc warrior hits you from afar with a +1 vorpal halberd!
You die...

#### #.........#.###..........#
#$.........##............#
#.).......#...####.####..#
##.)).....)...##.....##..#
#.))).o.oo#...#.......#..#
#......o).....#.......#..#
#..)...ooo).#....._......#
#.....[.).#...#.......#..#
#......#.@....#.......#..#
########....([.....#.##.....##..#
..................##.####.####.##
...........$.......#...........#
..............[#....###......###
..#.<...............###...#.##
..#..........#.)..........###
.#)......................##
#.....[...........##..####


You could see an orc sorcerer (strong), 2 orc warriors, 3 orc priests and an orc
(strong).

Vanquished Creatures
  An orc warlord (Orc:1)
  A red draconian (Volcano)
  2 dire elephants (Lair:5)
  Snorg (Orc:1)
  An ettin (Orc:2)
  7 hydras
  2 centaur warriors
  3 two-headed ogres
  Erica (D:9)
  2 boulder beetles
  7 death yaks (Lair:5)
  4 orc high priests
  Urug (Lair:1)
  3 spectral death yaks (Lair:5)
  A spectral anaconda (Lair:5)
  3 necromancers (Lair:5)
  An obsidian statue (Lair:5)
  2 orc sorcerers (Orc:2)
  Pikel (D:4)
  An ugly thing (D:11)
  3 orc knights
  4 oklob plants (Lair:4)
  A wolf spider (Lair:3)
  A cyclops (Orc:2)
  A manticore (Lair:3)
  3 black mambas
  A guardian serpent (Lair:5)
  33 elephants
  2 rust devils (D:10)
  A torpor snail (Lair:5)
  2 molten gargoyles (Volcano)
  Psyche (D:11)
  A gargoyle (D:10)
  9 cane toads
  A kobold demonologist (D:12)
  2 unseen horrors
  15 komodo dragons
  A yaktaur (Volcano)
  A queen bee (Lair:3)
  7 trolls
  3 polar bears
  Grinder (D:3)
  2 hornets
  11 blink frogs
  3 spectral elephants (Lair:5)
  5 dream sheep (Lair:5)
  A vampire (D:10)
  2 culicivoras (Lair:3)
  A wraith (D:11)
  36 yaks
  7 wyverns
  5 basilisks
  2 fire bats (Volcano)
  3 shadows
  A steam dragon (D:7)
  A death yak simulacrum (Lair:5)
  2 spectral cane toads (Lair:5)
  A warg (Orc:1)
  2 floating eyes (D:10)
  16 water moccasins
  3 black bears
  An ice beast (D:7)
  26 orc warriors
  A sky beast (D:7)
  2 elephant zombies (Lair:5)
  2 ogres (Orc:2)
  21 wolves
  2 elephant skeletons (Lair:5)
  9 centaurs
  5 kobold brigands
  11 bullfrogs
  2 gnoll sergeants
  A necrophage (D:5)
  2 scorpions (D:7)
  4 wights
  3 elephant simulacra (Lair:5)
  34 killer bees
  A howler monkey (D:10)
  An electric eel (Lair:3)
  A centaur zombie (Ossuary)
  8 lava snakes
  3 hounds
  A jelly (D:7)
  A human zombie (Ossuary)
  12 orc priests
  A gnoll bouda (D:5)
  An iguana (D:6)
  27 orc wizards
  2 mummies (Ossuary)
  13 gnolls
  2 river rats (Lair:3)
  9 adders
  2 shadow imps
  5 white imps
  3 ufetubi
  3 adder zombies (Ossuary)
  2 dart slugs
  97 orcs
  10 ball pythons
  4 endoplasms
  A giant cockroach (D:1)
  20 goblins
  10 hobgoblins
  4 quokkas
  4 bats
  4 frilled lizards
  2 goblin zombies (Ossuary)
  12 hobgoblin zombies (Ossuary)
  3 jackal zombies
  26 kobolds
  6 kobold zombies (Ossuary)
  8 orc zombies (Ossuary)
  3 rats
  A rat zombie (Ossuary)
  A bush (Lair:4)
  A plant (Lair:4)
684 creatures vanquished.

Vanquished Creatures (others)
  12 fungi
  47 plants
  22 withered plants (Lair:5)
81 creatures vanquished.

Grand Total: 765 creatures vanquished

Notes
Turn   | Place    | Note
-------+----------+-------------------------------------------
     0 | D:1      | brightshaft the Armataur Berserker began the quest for the
                  | Orb.
     0 | D:1      | Reached XP level 1. HP: 19/19 MP: 1/1
   182 | D:1      | Found a faded altar of an unknown god.
   184 | D:1      | Reached XP level 2. HP: 26/26 MP: 2/2
   360 | D:1      | Reached ** piety under Trog
   495 | D:2      | Reached XP level 3. HP: 33/33 MP: 3/3
   497 | D:2      | Reached skill level 3 in Axes
   531 | D:2      | Identified the +1 kite shield of Serendipity {rPois Will-
                  | Stlth+}
   708 | D:2      | Found Abyly's Distillery.
   719 | D:2      | Bought a potion of heal wounds for 70 gold pieces
   890 | D:2      | Reached XP level 4. HP: 40/40 MP: 4/4
  1322 | D:3      | Noticed Grinder
  1336 | D:3      | Paralysed by Grinder for 4 turns
  1345 | D:3      | Killed Grinder
  1346 | D:3      | Reached skill level 4 in Axes
  1346 | D:3      | Reached XP level 5. HP: 31/48 MP: 5/5
  1346 | D:3      | Reached XP level 6. HP: 35/54 MP: 6/6
  1624 | D:3      | Identified the ring of Xac Ozuroe {*Slow +Blink rF+ Str+6
                  | Slay+4}
  2156 | D:4      | Reached *** piety under Trog
  2706 | D:4      | Noticed Pikel
  2723 | D:4      | Killed Pikel
  2724 | D:4      | Reached skill level 5 in Axes
  2724 | D:4      | Reached skill level 5 in Armour
  2724 | D:4      | Reached XP level 7. HP: 51/64 MP: 7/7
  3081 | D:5      | Entered Level 5 of the Dungeon
  3169 | D:5      | Found a basalt altar of Yredelemnul.
  3207 | D:5      | Found a sacrificial altar of Ru.
  3319 | D:5      | Reached XP level 8. HP: 29/71 MP: 8/8
  3644 | D:5      | Reached **** piety under Trog
  3661 | D:5      | HP: 3/71 [poisoned by an orc wizard]
  3675 | D:5      | HP: 1/71 [poisoned by an orc wizard]
  4058 | D:5      | Found a radiant altar of Vehumet.
  4130 | D:5      | Found a faded altar of an unknown god.
  4131 | D:5      | Found a hazy altar of Hepliaklqana.
  4142 | D:5      | Reached skill level 5 in Fighting
  4142 | D:5      | Reached skill level 6 in Axes
  4551 | D:6      | Found an ancient bone altar of Kikubaaqudgha.
  5029 | D:7      | Found a sand-covered staircase.
  5037 | Ossuary  | Entered an ossuary
  5154 | Ossuary  | Reached ***** piety under Trog
  5258 | D:7      | Reached XP level 9. HP: 14/79 MP: 9/9
  5784 | D:7      | Found a blossoming altar of Fedhas.
  5848 | D:7      | Reached skill level 7 in Axes
  5850 | D:7      | Paralysed by a hornet for 3 turns
  6451 | D:7      | Found a staircase to the Ecumenical Temple.
  6628 | D:7      | Reached skill level 5 in Dodging
  6629 | D:7      | Reached skill level 8 in Axes
  7207 | D:8      | Noticed a two-headed ogre
  7207 | D:8      | Noticed Iich's ghost (novice MiBe)
  7210 | D:8      | Found a bloodstained altar of Trog.
  7210 | D:8      | Noticed a moth of wrath
  7227 | D:8      | Found a transporter.
  7614 | D:8      | Found a transporter.
  7829 | D:9      | Reached XP level 10. HP: 80/84 MP: 10/10
  7924 | D:9      | Found Mewketan's Magic Scroll Emporium.
  7988 | D:9      | Noticed Erica
  8001 | D:9      | Killed Erica
  8002 | D:9      | Reached skill level 1 in Evocations
  8007 | D:9      | Identified the +9 battleaxe of Gallantry {flame, Fly rC-
                  | Str+7 Int-2} (Trog gifted it to you on level 9 of the
                  | Dungeon)
  8007 | D:9      | Received a gift from Trog
  8293 | D:9      | You are sucked into a shaft and drop 3 floors!
  8409 | D:10     | Entered Level 10 of the Dungeon
  8409 | D:10     | Noticed a rust devil
  8409 | D:10     | Noticed a rust devil
  8414 | D:10     | Reached skill level 9 in Axes
  8416 | D:10     | Killed a rust devil
  8420 | D:10     | Killed a rust devil
  8483 | D:10     | Identified the +3 chain mail "Vuirusen" {Will+}
  8566 | D:11     | Noticed a two-headed ogre
  8570 | D:11     | Killed a two-headed ogre
  8571 | D:11     | Reached skill level 10 in Axes
  8618 | D:11     | Found a staircase to the Lair.
  8713 | D:10     | Noticed a gargoyle
  8717 | D:10     | Killed a gargoyle
  9001 | D:10     | Reached XP level 11. HP: 82/97 MP: 11/11
  9155 | D:9      | Reached skill level 11 in Axes
  9247 | D:9      | Noticed a boulder beetle
  9266 | D:9      | Killed a boulder beetle
  9339 | D:9      | Found an opulent altar of Gozag.
 10099 | D:10     | Noticed a two-headed ogre
 10106 | D:10     | Killed a two-headed ogre
 10106 | D:10     | Paralysed by a floating eye for 3 turns
 10107 | D:10     | Reached skill level 12 in Axes
 10128 | D:10     | Paralysed by a floating eye for 4 turns
 10256 | D:10     | Found a hide-covered altar of Uskayaw.
 10373 | D:10     | Noticed a two-headed ogre
 10378 | D:10     | Killed a two-headed ogre
 10669 | D:11     | Noticed a cyan ugly thing
 10676 | D:11     | Killed a cyan ugly thing
 10832 | D:11     | Reached skill level 13 in Axes
 10919 | D:11     | Received a gift from Trog
 11122 | D:11     | Noticed Psyche
 11124 | D:11     | Noticed a centaur warrior
 11129 | D:11     | Killed Psyche
 11131 | D:11     | Killed a centaur warrior
 11304 | D:11     | Identified the +1 flail "Xaefon" {drain, *Rage rF+++ rC-
                  | Int+3}
 11392 | D:11     | Found a staircase to the Orcish Mines.
 11679 | Lair:1   | Entered Level 1 of the Lair of Beasts
 11690 | Lair:1   | Reached XP level 12. HP: 87/103 MP: 12/12
 11794 | Lair:1   | Noticed Urug
 11802 | Lair:1   | Killed Urug
 11803 | Lair:1   | Reached skill level 14 in Axes
 12463 | Lair:2   | Noticed a four-headed hydra
 12469 | Lair:2   | Killed a one-headed hydra
 12723 | Lair:2   | Reached skill level 15 in Axes
 13021 | Lair:3   | Reached ****** piety under Trog
 13025 | Lair:3   | Identified the +7 broad axe "Dyegh" {vorpal, rElec Str+7
                  | Int-3} (Trog gifted it to you on level 3 of the Lair of
                  | Beasts)
 13025 | Lair:3   | Received a gift from Trog
 13123 | Lair:3   | Noticed a four-headed hydra
 13132 | Lair:3   | Killed a one-headed hydra
 13480 | Lair:3   | Reached XP level 13. HP: 107/111 MP: 13/13
 13494 | Lair:3   | Reached skill level 16 in Axes
 13734 | Lair:3   | Found the +3 giant club "Skullcrusher" {speed, Str+7}
 13995 | Lair:3   | Found a staircase to the Swamp.
 14007 | Lair:3   | Found a hole to the Spider Nest.
 14414 | Lair:4   | Received a gift from Trog
 14473 | Lair:4   | Reached skill level 17 in Axes
 14482 | Lair:4   | Found a dark tunnel.
 14491 | Volcano  | Entered a volcano
 14779 | Volcano  | Found a bloodstained altar of Trog.
 14795 | Volcano  | Noticed a red draconian
 14801 | Volcano  | Killed a red draconian
 15396 | Lair:4   | Reached skill level 18 in Axes
 15445 | Lair:4   | Found a staircase to the Slime Pits.
 16062 | Lair:5   | Entered Level 5 of the Lair of Beasts
 16078 | Lair:5   | Reached XP level 14. HP: 98/118 MP: 14/14
 16204 | Lair:5   | Found a burning altar of Makhleb.
 16300 | Lair:5   | Received a gift from Trog
 16516 | Lair:5   | Reached skill level 19 in Axes
 17132 | Lair:5   | Received a gift from Trog
 17133 | Lair:5   | Reached skill level 20 in Axes
 17345 | Lair:5   | Identified the +1 barding of Ruaph {Dex+2}
 17653 | Orc:1    | Entered Level 1 of the Orcish Mines
 17740 | Orc:1    | Noticed Snorg
 17752 | Orc:1    | Killed Snorg
 18108 | Orc:2    | Entered Level 2 of the Orcish Mines
 18255 | Orc:2    | Found a staircase to the Elven Halls.
 18291 | Orc:2    | Reached XP level 15. HP: 103/125 MP: 15/15
 18671 | Orc:2    | Received a gift from Trog
 18680 | Orc:2    | Slain by an orc warrior

Illustrated notes

Levels and vault maps discovered:
D:1:      tarquinn_simple_flora_water_f, layout_basic, serial_glass,
          glass_columns_b, glass_columns_c, minmay_strange_pillars,
          feat_on_display, feat_on_display, due_unseen_surprise,
          basic_ecumenical_altar
D:2:      layout_basic, serial_shops, nicolae_diamond_shop, minmay_between
D:3:      layout_loops_ring, uniq_grinder
D:4:      corexii_shantytown, layout_loops_cross, minmay_goblin_outpost,
          uniq_pikel
D:5:      layout_rooms, mainiacjoe_overflow_alcove_2, marbit_many_paths,
          beargit_hepliaklqana_dungeon_heroes, old_standard_altar
D:6:      layout_gridville, kiku_gazebo_garden_becter
D:7:      minmay_octagon_keep, layout_layer_cave,
          mainiacjoe_overflow_six_doors_small, minmay_temple_entry_large_hall,
          enter_ossuary_3
D:8:      layout_basic, gammafunk_ghost_wrathful_warriors
D:9:      layout_loops_corners, mainiacjoe_overflow_concentric_impassable,
          serial_shops, shop_statue, uniq_erica
D:10:     cheibrodos_iron_armory, layout_loops_corners,
          nicolae_uskayaw_suspiria, enter_bailey_5, onia_ninara_cookie
D:11:     layout_stronghold, david_lair_shrubbed, hiddenorc1_lemuel,
          amcnicky_mini_corridor_feature, uniq_psyche
D:12:     layout_roguey
Lair:1:   layout_roguey, infiniplex_staircase_pool_2, uniq_urug
Lair:2:   layout_regular_city
Lair:3:   regret_index_bee_streams, layout_cave_shapes, swamp_mist,
          spider_nest_entry_funnel_web, serial_bayou, serial_bayou_pond_a,
          serial_bayou_pond_b, serial_bayou_pond_a, serial_bayou_shore_a,
          serial_bayou_shore_b
Lair:4:   minmay_lair_oklob_tunnel, layout_loops_ring, dpeg_slime_entry_corner,
          enter_volcano_2, portal_ice_cave_entry_pillars_2,
          chequers_serial_rivers_micro_c
Lair:5:   due_jungle_book, layout_long_grid, basic_altar,
          hellmonk_guarded_unrand_seven_league_boots
Orc:1:    layout_caves, statue_in_the_mist_lemuel, mines2_david, uniq_snorg
Orc:2:    st_orc_congregation, layout_caves, basic_altar, mines1_david

Skill      XL: |  1  2  3  4  5  6  7  8  9 10 11 12 13 14 |
---------------+-------------------------------------------+-----
Fighting       | 3 4 5 6 |  6.8
Axes           | 3 4 5 6 8 10 13 15 18 20 | 20.5
Armour         | 3 4 5 6 8 |  8.6
Dodging        | 2 3 4 5 |  5.2
Evocations     | 1 |  1.4

Action                   |  1- 3 |  4- 6 |  7- 9 | 10-12 | 13-15 || total
-------------------------+-------+-------+-------+-------+-------++-------
Melee: Hand axe          |    99 |   141 |   286 |    28 |       ||   554
       Tailslap          |     9 |    11 |    35 |    42 |    74 ||   171
       Punch             |       |     1 |     1 |       |       ||     2
       Battleaxe         |       |       |       |   285 |   500 ||   785
       Broad axe         |       |       |       |    16 |       ||    16
       Executioner's axe |       |       |       |       |    43 ||    43
Invok: Berserk           |       |       |     3 |     4 |     6 ||    13
       Trog's Hand       |       |       |       |       |     2 ||     2
  Use: Scroll            |     5 |     1 |     5 |     5 |     5 ||    21
       Potion            |       |     1 |     2 |       |     5 ||     8
Armor: Ring mail         |    61 |    25 |       |       |       ||    86
       Animal skin       |     1 |       |       |       |       ||     1
       Chain mail        |       |    36 |   221 |   223 |   263 ||   743
       Plate armour      |       |       |       |       |    33 ||    33
Dodge: Dodged            |    50 |    50 |   100 |   151 |   172 ||   523

Table legend: (Time is in decaauts)
 A = Elapsed time spent in this place.
 B = Non-inter-level travel time spent in this place.
 C = Inter-level travel time spent in this place.
 D = Time resting spent in this place.
 E = Time spent auto-exploring this place.
 F = Levels seen in this place.
 G = Mean time per level.
                   A        B        C        D        E       F      G
               +--------+--------+--------+--------+--------+-----+--------+
         Total |  18742 |  18068 |    674 |      0 |  14419 |  21 |  892.5 |
       Dungeon |  11629 |  11298 |    331 |      0 |   9220 |  12 |  969.1 |
          Lair |   5413 |   5113 |    300 |      0 |   4187 |   5 | 1082.6 |
  Orcish Mines |   1024 |    982 |     42 |      0 |    642 |   2 |  512.0 |
       Ossuary |    200 |    200 |      0 |      0 |     95 |   1 |  200.0 |
       Volcano |    474 |    474 |      0 |      0 |    274 |   1 |  474.0 |
               +--------+--------+--------+--------+--------+-----+--------+

Top non-repeatable levels by time:
     D:7: 1770 daAuts
    D:10: 1572 daAuts
  Lair:5: 1442 daAuts
  Lair:3: 1343 daAuts
     D:4: 1327 daAuts
    D:11: 1278 daAuts
  Lair:4: 1177 daAuts
     D:9: 1020 daAuts
     D:8: 957 daAuts
     D:5: 874 daAuts
     D:2: 801 daAuts
     D:3: 773 daAuts
  Lair:2: 751 daAuts
   Orc:1: 749 daAuts
  Lair:1: 699 daAuts
